BR
PUEBLO PRAIRIE DOGS @ GILBERT FIRE FIGHTERS
09/11/2026
 
TOP OF THE 1ST
Pueblo Prairie Dogs batting - Pitching for Gilbert Fire Fighters : RHP Steve Bigham
Pitching: RHP Steve Bigham
Batting: RHB José Zumaya 0-0: Swinging Strike
0-1: Ground out 6-3 (Groundball, 6)
Batting: RHB António Pérez 0-0: Ball
1-0: Ball
2-0: Foul Ball, location: 2F
2-1: Foul Ball, location: 2F
2-2: Ball
3-2: Strikes out swinging
Batting: RHB António López 0-0: Called Strike
0-1: Ball
1-1: Ball
2-1: Called Strike
2-2: Ball
3-2: Foul Ball, location: 2F
3-2: DOUBLE (Groundball, 5L)
Batting: SHB José Flores 0-0: Called Strike
0-1: Ball
1-1: Ball
2-1: Ball
3-1: Foul Ball, location: 2F
3-2: Base on Balls
Batting: RHB Manny Herrera 0-0: Ground out 5-3 (Groundball, 56S)
Top of the 1st over - 0 run(s), 1 hit(s), 0 error(s), 2 left on base; Pueblo 0 - Gilbert 0
BOTTOM OF THE 1ST
Gilbert Fire Fighters batting - Pitching for Pueblo Prairie Dogs : RHP Juliăo Edwards
Pitching: RHP Juliăo Edwards
Batting: RHB Ángel Serrano 0-0: Called Strike
0-1: SINGLE (Groundball, 6)
Batting: RHB Edgardo Castro 0-0: SINGLE (Line Drive, 6MD)
Ángel Serrano to second
Batting: RHB Stan Simpson 0-0: Foul Ball, location: 2F
0-1: Ball
1-1: Foul Ball, location: 2F
1-2: Ball
2-2: Strikes out swinging
Batting: RHB William Wilson 0-0: Called Strike
0-1: Ball
1-1: Swinging Strike
1-2: Strikes out looking
Batting: LHB Jim Knight 0-0: Called Strike
0-1: Ball
1-1: Foul Ball, location: 2F
1-2: Strikes out swinging
Bottom of the 1st over - 0 run(s), 2 hit(s), 0 error(s), 2 left on base; Pueblo 0 - Gilbert 0
TOP OF THE 2ND
Pueblo Prairie Dogs batting - Pitching for Gilbert Fire Fighters : RHP Steve Bigham
Batting: RHB Currito Campos 0-0: Swinging Strike
0-1: Ball
1-1: Ball
2-1: Foul Ball, location: 2F
2-2: Ball
3-2: Foul Ball, location: 2F
3-2: Base on Balls
Batting: SHB Fernando Valdés 0-0: Foul Ball, location: 2F
0-1: SINGLE (Line Drive, 56D)
Currito Campos to second
Batting: RHB Nakamaro Uenohara 0-0: Fly out, F9 (Flyball, 9M)
Batting: RHB Juan Guerrero 0-0: Ball
1-0: Swinging Strike
1-1: Ball
2-1: SINGLE (Groundball, 56D)
Currito Campos to third
Fernando Valdés to second
Runner from 3rd tries for Home, SAFE, throw made home
Batting: RHB José Zumaya 0-0: Ball
1-0: Foul Ball, location: 2F
1-1: Fly out, F8 (Flyball, 8LM)
Batting: RHB António Pérez 0-0: Reached on error, E2 (Groundball, 2L)
Fernando Valdés scores
Juan Guerrero to third
Batting: RHB António López 0-0: Ball
1-0: Ball
2-0: Called Strike
2-1: Called Strike
2-2: Ball
3-2: Strikes out looking
Top of the 2nd over - 2 run(s), 2 hit(s), 1 error(s), 2 left on base; Pueblo 2 - Gilbert 0
BOTTOM OF THE 2ND
Gilbert Fire Fighters batting - Pitching for Pueblo Prairie Dogs : RHP Juliăo Edwards
Batting: RHB Andrés Silva 0-0: Swinging Strike
0-1: Ball
1-1: Ball
2-1: Ball
3-1: Base on Balls
Batting: RHB Ed Keesee 0-0: Ball
1-0: SINGLE (Groundball, 2L) (infield hit)
Andrés Silva to second
Batting: RHB José Hernández 0-0: Foul Ball, location: 2F
0-1: Ball
1-1: Fly out, F8 (Flyball, 8LM)
Batting: RHB Scott McCullough 0-0: Ball
1-0: Called Strike
1-1: Ball
2-1: Foul Ball, location: 2F
2-2: Strikes out looking
Batting: RHB Ángel Serrano 0-0: Called Strike
0-1: Ground out 4-3 (Groundball, 4)
Bottom of the 2nd over - 0 run(s), 1 hit(s), 0 error(s), 2 left on base; Pueblo 2 - Gilbert 0
TOP OF THE 3RD
Pueblo Prairie Dogs batting - Pitching for Gilbert Fire Fighters : RHP Steve Bigham
Batting: SHB José Flores 0-0: Ball
1-0: Foul Ball, location: 2F
1-1: Swinging Strike
1-2: Ball
2-2: Ball
3-2: Strikes out swinging
Batting: RHB Manny Herrera 0-0: Ground out 6-3 (Groundball, 6)
Batting: RHB Currito Campos 0-0: Ball
1-0: Foul Ball, location: 2F
1-1: Foul Ball, location: 2F
1-2: Strikes out swinging
Top of the 3rd over - 0 run(s), 0 hit(s), 0 error(s), 0 left on base; Pueblo 2 - Gilbert 0
BOTTOM OF THE 3RD
Gilbert Fire Fighters batting - Pitching for Pueblo Prairie Dogs : RHP Juliăo Edwards
Batting: RHB Edgardo Castro 0-0: Ball
1-0: SINGLE (Groundball, 15) (infield hit)
Batting: RHB Stan Simpson 0-0: Ball
1-0: Ball
2-0: Called Strike
2-1: Fly out, F8 (Popup, 4D)
Batting: RHB William Wilson 0-0: Fly out, F8 (Flyball, 89M)
Batting: LHB Jim Knight 0-0: Ball
1-0: Foul Ball, location: 2F
1-1: Ball
2-1: Swinging Strike
2-2: Fly out, F7 (Flyball, 78D)
Bottom of the 3rd over - 0 run(s), 1 hit(s), 0 error(s), 1 left on base; Pueblo 2 - Gilbert 0
TOP OF THE 4TH
Pueblo Prairie Dogs batting - Pitching for Gilbert Fire Fighters : RHP Steve Bigham
Batting: SHB Fernando Valdés 0-0: Ball
1-0: Foul Ball, location: 2F
1-1: Swinging Strike
1-2: Strikes out looking
Batting: RHB Nakamaro Uenohara 0-0: Ball
1-0: SINGLE (Line Drive, 56)
Batting: RHB Juan Guerrero 0-0: Grounds into double play, 6-4-3 (Groundball, 6)
Top of the 4th over - 0 run(s), 1 hit(s), 0 error(s), 0 left on base; Pueblo 2 - Gilbert 0
BOTTOM OF THE 4TH
Gilbert Fire Fighters batting - Pitching for Pueblo Prairie Dogs : RHP Juliăo Edwards
Batting: RHB Andrés Silva 0-0: Ball
1-0: Ball
2-0: Ball
3-0: Called Strike
3-1: Base on Balls
Batting: RHB Ed Keesee 0-0: Called Strike
0-1: Ball
1-1: DOUBLE (Line Drive, 34D)
Andrés Silva to third
Runner from 3rd tries for Home, SAFE, throw made at trailing runner, SAFE at third!
Batting: RHB José Hernández 0-0: Ball
1-0: Swinging Strike
1-1: Ball
2-1: Called Strike
2-2: Foul Ball, location: 2F
2-2: Hit by Pitch
Batting: RHB Scott McCullough 0-0: Ball
1-0: Ball
2-0: Called Strike
2-1: Swinging Strike
2-2: Strikes out looking
Batting: RHB Ángel Serrano 0-0: Called Strike
0-1: Ball
1-1: SINGLE (Groundball, 56S)
Ed Keesee scores
José Hernández to second
Batting: RHB Edgardo Castro 0-0: Ball
1-0: Foul Ball, location: 2F
1-1: Ball
2-1: DOUBLE (Groundball, 5L)
José Hernández scores
Ángel Serrano to third
Runner from 3rd tries for Home, SAFE, throw made home
Batting: RHB Stan Simpson 0-0: Swinging Strike
0-1: SINGLE (Line Drive, 89S)
Edgardo Castro to third
Batting: RHB William Wilson 0-0: Foul Ball, location: 2F
0-1: Ball
1-1: Ball
2-1: Foul Ball, location: 2F
2-2: Ball
3-2: Ground out 6-3 (Groundball, 6S)
Edgardo Castro scores
Stan Simpson to second
Pitching: LHP Javier Rodríguez
Batting: LHB Jim Knight 0-0: Ground out 5-3 (Groundball, 5)
Bottom of the 4th over - 5 run(s), 4 hit(s), 0 error(s), 1 left on base; Pueblo 2 - Gilbert 5
TOP OF THE 5TH
Pueblo Prairie Dogs batting - Pitching for Gilbert Fire Fighters : RHP Steve Bigham
Batting: RHB José Zumaya 0-0: Ball
1-0: Ball
2-0: Swinging Strike
2-1: Ball
3-1: Fly out, F5 (Popup, 25F)
Batting: RHB António Pérez 0-0: Called Strike
0-1: DOUBLE (Flyball, 78D)
Batting: RHB António López 0-0: Ball
1-0: Ball
2-0: Fly out, F7 (Flyball, 7M)
Batting: SHB José Flores 0-0: Ball
1-0: Ball
2-0: Ground out 4-3 (Groundball, 4)
Top of the 5th over - 0 run(s), 1 hit(s), 0 error(s), 1 left on base; Pueblo 2 - Gilbert 5
BOTTOM OF THE 5TH
Gilbert Fire Fighters batting - Pitching for Pueblo Prairie Dogs : LHP Javier Rodríguez
Batting: RHB Andrés Silva 0-0: Ball
1-0: Ball
2-0: SINGLE (Line Drive, 5L)
Batting: RHB Ed Keesee 0-0: Ball
1-0: Ball
2-0: Ball
3-0: Called Strike
3-1: Base on Balls
Andrés Silva to second
Batting: RHB José Hernández 0-0: Foul Ball, location: 2F
0-1: DOUBLE (Flyball, 8LM)
Andrés Silva scores
Ed Keesee to third
Runner from 3rd tries for Home, SAFE, no throw or cutoff
Batting: RHB Scott McCullough 0-0: Ball
1-0: Foul Ball, location: 2F
1-1: Ball
2-1: Ball
3-1: Swinging Strike
3-2: Base on Balls
Batting: RHB Ángel Serrano 0-0: Foul Ball, location: 2F
0-1: Fly out, F7 (Flyball, 7LSF)
Batting: RHB Edgardo Castro 0-0: Ball
1-0: Ball
2-0: SINGLE (Groundball, 56)
José Hernández to third
Scott McCullough to second
Pitching: LHP Enrique Hernández
Batting: RHB Stan Simpson 0-0: Called Strike
0-1: Ball
1-1: Ball
2-1: DOUBLE (Line Drive, 3D)
José Hernández scores
Scott McCullough scores
Edgardo Castro to third
Batting: RHB William Wilson 0-0: Ball
1-0: Ball
2-0: Foul Ball, location: 2F
2-1: Called Strike
2-2: Foul Ball, location: 2F
2-2: Ground out 5-3 (Groundball, 5S)
Batting: LHB Jim Knight 0-0: Ball
1-0: Foul Ball, location: 2F
1-1: Foul Ball, location: 2F
1-2: Ball
2-2: Foul Ball, location: 2F
2-2: Ground out 5-3 (Groundball, 56)
Bottom of the 5th over - 4 run(s), 4 hit(s), 0 error(s), 2 left on base; Pueblo 2 - Gilbert 9
TOP OF THE 6TH
Pueblo Prairie Dogs batting - Pitching for Gilbert Fire Fighters : RHP Steve Bigham
Batting: RHB Manny Herrera 0-0: Fly out, F9 (Flyball, 89M)
Batting: RHB Currito Campos 0-0: SINGLE (Groundball, 56D)
Batting: SHB Fernando Valdés 0-0: Swinging Strike
0-1: Ball
1-1: Foul Ball, location: 2F
1-2: Foul Ball, location: 2F
1-2: Ball
2-2: Foul Ball, location: 2F
2-2: Strikes out looking
Pitching: LHP Miguel Rodríguez
Batting: RHB Nakamaro Uenohara 0-0: SINGLE (Flyball, 4MD)
Currito Campos to second
Batting: RHB Juan Guerrero 0-0: Called Strike
0-1: Ball
1-1: SINGLE (Groundball, 5)
Currito Campos to third
Nakamaro Uenohara to second
Throwing error, E7
Currito Campos scores
Nakamaro Uenohara to third
Juan Guerrero to second
Batting: RHB José Zumaya 0-0: Foul Ball, location: 2F
0-1: Ground out 5-3 (Groundball, 56)
Top of the 6th over - 1 run(s), 3 hit(s), 1 error(s), 2 left on base; Pueblo 3 - Gilbert 9
BOTTOM OF THE 6TH
Gilbert Fire Fighters batting - Pitching for Pueblo Prairie Dogs : LHP Enrique Hernández
Pitching: RHP Jorge Vázquez
Batting: RHB Andrés Silva 0-0: Ground out U3 (Groundball, 3)
Batting: RHB Ed Keesee 0-0: Foul Ball, location: 2F
0-1: Ball
1-1: Ball
2-1: Foul Ball, location: 2F
2-2: Ball
3-2: Foul Ball, location: 2F
3-2: Foul Ball, location: 2F
3-2: Foul Ball, location: 2F
3-2: Base on Balls
Batting: RHB José Hernández 0-0: Ball
1-0: Called Strike
1-1: Fly out, F6 (Popup, 56)
Batting: RHB Scott McCullough 0-0: Called Strike
0-1: Fly out, F3 (Line Drive, 34)
Bottom of the 6th over - 0 run(s), 0 hit(s), 0 error(s), 1 left on base; Pueblo 3 - Gilbert 9
TOP OF THE 7TH
Pueblo Prairie Dogs batting - Pitching for Gilbert Fire Fighters : LHP Miguel Rodríguez
Batting: RHB António Pérez 0-0: SINGLE (Groundball, 6M)
Batting: RHB António López 0-0: Ball
1-0: Foul Ball, location: 2F
1-1: Ball
Wild Pitch!
António Pérez to second
2-1: Called Strike
2-2: Foul Ball, location: 2F
2-2: Strikes out swinging
Batting: SHB José Flores 0-0: Ground out 5-3 (Groundball, 5)
Batting: RHB Manny Herrera 0-0: SINGLE (Groundball, 56D)
António Pérez to third
Runner from 3rd tries for Home, SAFE, no throw or cutoff
Batting: RHB Currito Campos 0-0: Ball
1-0: Foul Ball, location: 2F
1-1: Foul Ball, location: 2F
1-2: Strikes out swinging
Top of the 7th over - 1 run(s), 2 hit(s), 0 error(s), 1 left on base; Pueblo 4 - Gilbert 9
BOTTOM OF THE 7TH
Gilbert Fire Fighters batting - Pitching for Pueblo Prairie Dogs : RHP Jorge Vázquez
Pitching: LHP Salvatorio Navegero
Batting: RHB Ángel Serrano 0-0: Foul Ball, location: 2F
0-1: Ball
1-1: Ball
2-1: Swinging Strike
2-2: Reached on error, E4 (Groundball, 4)
Batting: RHB Edgardo Castro 0-0: Ball
Wild Pitch!
Ángel Serrano to third
1-0: Foul Ball, location: 2F
1-1: Ball
2-1: Ball
3-1: Fly out, F2 (Popup, 2LF)
Batting: RHB Stan Simpson 0-0: SINGLE (Groundball, 25) (infield hit)
Batting: RHB William Wilson 0-0: Foul Ball, location: 2F
0-1: 3-RUN HOME RUN (Flyball, 78XD), Distance : 425 ft
Batting: LHB Jim Knight 0-0: Called Strike
0-1: Foul Ball, location: 2F
0-2: Ball
1-2: Foul Ball, location: 2F
1-2: Ball
2-2: Ball
3-2: Foul Ball, location: 2F
3-2: Foul Ball, location: 2F
3-2: Base on Balls
Batting: RHB Andrés Silva 0-0: SINGLE (Line Drive, 78S)
Jim Knight to second
Batting: RHB Ed Keesee 0-0: Ball
1-0: Ball
2-0: Ball
3-0: Base on Balls
Jim Knight to third
Andrés Silva to second
Batting: RHB José Hernández 0-0: Ball
1-0: Swinging Strike
1-1: Ball
2-1: Swinging Strike
2-2: SINGLE (Line Drive, 6D)
Jim Knight scores
Andrés Silva to third
Ed Keesee to second
Batting: RHB Scott McCullough 0-0: Called Strike
0-1: Ball
1-1: Foul Ball, location: 2F
1-2: Foul Ball, location: 2F
1-2: Grounds into double play, 4-6-3 (Groundball, 4)
Bottom of the 7th over - 4 run(s), 4 hit(s), 1 error(s), 2 left on base; Pueblo 4 - Gilbert 13
TOP OF THE 8TH
Pueblo Prairie Dogs batting - Pitching for Gilbert Fire Fighters : LHP Miguel Rodríguez
Batting: SHB Fernando Valdés 0-0: Ball
1-0: Swinging Strike
1-1: Foul Ball, location: 2F
1-2: SINGLE (Flyball, 8RS)
Batting: RHB Nakamaro Uenohara 0-0: Grounds into double play, 5-4-3 (Groundball, 56)
Batting: RHB Juan Guerrero 0-0: Foul Ball, location: 2F
0-1: SINGLE (Groundball, 4M)
Batting: RHB José Zumaya 0-0: Ball
1-0: Called Strike
1-1: SINGLE (Line Drive, 89S)
Juan Guerrero to second
Runner from 2nd tries for 3rd, SAFE, throw made to third
Batting: RHB António Pérez 0-0: Ball
1-0: Fly out, F4 (Popup, 34)
Top of the 8th over - 0 run(s), 3 hit(s), 0 error(s), 2 left on base; Pueblo 4 - Gilbert 13
BOTTOM OF THE 8TH
Gilbert Fire Fighters batting - Pitching for Pueblo Prairie Dogs : LHP Salvatorio Navegero
Batting: RHB Ángel Serrano 0-0: Ball
1-0: SINGLE (Groundball, 56D)
Batting: RHB Edgardo Castro 0-0: Ball
1-0: Sac Bunt - play at first, batter OUT! 3-4
Ángel Serrano to second
Batting: RHB Stan Simpson 0-0: Ball
1-0: Ball
2-0: SINGLE (Line Drive, 56D)
Ángel Serrano to third
Runner from 3rd tries for Home, SAFE, throw made home
Stan Simpson to second
Batting: RHB William Wilson 0-0: Ball
1-0: Ground out 5-3 (Groundball, 56)
Batting: LHB Jim Knight 0-0: Called Strike
0-1: Ball
1-1: Called Strike
1-2: Ball
2-2: SINGLE (Groundball, 4M)
Stan Simpson to third
Runner from 3rd tries for Home, SAFE, no throw or cutoff
Batting: RHB Andrés Silva 0-0: Called Strike
0-1: Swinging Strike
0-2: Ball
1-2: Foul Ball, location: 2F
1-2: Ball
2-2: SINGLE (Groundball, 4M)
Jim Knight to second
Batting: RHB Ed Keesee 0-0: Ball
1-0: Foul Ball, location: 2F
1-1: Ball
2-1: Called Strike
2-2: Ground out 6-3 (Groundball, 6)
Bottom of the 8th over - 2 run(s), 4 hit(s), 0 error(s), 2 left on base; Pueblo 4 - Gilbert 15
TOP OF THE 9TH
Pueblo Prairie Dogs batting - Pitching for Gilbert Fire Fighters : LHP Miguel Rodríguez
Batting: RHB António López 0-0: Called Strike
0-1: Swinging Strike
0-2: Ball
1-2: Ball
2-2: Ball
3-2: Foul Ball, location: 2F
3-2: Strikes out swinging
Batting: SHB José Flores 0-0: Ball
1-0: Foul Ball, location: 2F
1-1: Called Strike
1-2: Strikes out swinging
Batting: RHB Manny Herrera 0-0: Ball
1-0: Called Strike
1-1: Ball
2-1: Ball
3-1: Ground out 5-3 (Groundball, 56)
Top of the 9th over - 0 run(s), 0 hit(s), 0 error(s), 0 left on base; Pueblo 4 - Gilbert 15
Monday, December 5th, 2016 - OOTP Baseball 17.12 Build 75